 Dungeon Crawl Stone Soup version 0.18-a0-731-ga019a5f (webtiles) character file.

551 M4edhros the Sneak (level 7, -12/38 HPs)
             Began as an Octopode Artificer on Dec 9, 2015.
             Was a Follower of Fedhas.
             Killed by divine providence
             ... invoked by an orc priest
              (14 damage)
             ... on level 4 of the Dungeon.
             The game lasted 00:07:20 (3423 turns).

M4edhros the Sneak (Octopode Artificer)             Turns: 3423, Time: 00:07:23

Health: -12/38     AC:  1    Str:  8    XL:     7   Next: 29%
Magic:  11/11      EV: 12    Int: 16    God:    Fedhas [*.....]
Gold:   164        SH:  5    Dex: 13    Spells: 0 memorised, 6 levels left

rFire  . . .     SeeInvis .     g - +1 short sword (drain)
rCold  . . .     Clarity  .     w - +2 buckler
rNeg   . . .     SustAt   .     (helmet restricted)
rPois  .         Gourm    .     (no amulet)
rElec  .         Spirit   .     (no ring)
rCorr  .         Dismiss  .     (no ring)
rMut   .         Stasis   .     (no ring)
MR     .....                    (no ring)
Stlth  +++++.....               (no ring)
                                (no ring)
                                (no ring)
                                (no ring)

@: very slightly contaminated, hasted, very quick, not resistant to hostile
enchantments, quite stealthy
A: almost no armour, amphibious, 8 rings, constrict 8, fangs 1, camouflage 1,
frail 1, weak 1, gelatinous body 1
a: Evolution, Renounce Religion


You were on level 4 of the Dungeon.
You worshipped Fedhas.
Fedhas was aware of your devotion.
You were not hungry.

You visited 2 branches of the dungeon, and saw 5 of its levels.

You collected 164 gold pieces.

Inventory:

Hand Weapons
 a - a +0 short sword
 g - a +1 short sword of draining (weapon)
 m - a +0 hunting sling
 p - a cursed +0 dagger
 r - a +2 whip of venom
Missiles
 j - 8 javelins (quivered)
 k - 43 stones
 y - 17 sling bullets
Armour
 w - a +2 buckler (worn)
Wands
 b - a wand of flame (15)
 c - a wand of enslavement (12)
 d - a wand of random effects (15)
 E - a wand of draining (11)
Scrolls
 e - 7 scrolls of identify {unknown}
 h - 2 scrolls of enchant armour {unknown}
 l - 4 scrolls of amnesia {unknown}
 o - 2 scrolls of fear {unknown}
 q - 6 scrolls of remove curse {unknown}
 u - 3 scrolls of immolation {unknown}
 v - a scroll of magic mapping {unknown}
 A - a scroll of teleportation {unknown}
 B - a scroll of random uselessness {unknown}
Potions
 f - a potion of flight
 n - 2 potions of lignification {unknown}
 t - a potion of agility {unknown}
 C - 2 potions of cancellation {unknown}
 D - 2 potions of poison {unknown}
 F - a potion of brilliance {unknown}
Comestibles
 s - 3 meat rations
 z - 2 fruits


   Skills:
 - Level 1.0 Fighting
 - Level 1.0 Short Blades
 + Level 2.9 Dodging
 + Level 6.7 Stealth
 + Level 2.5 Invocations
 + Level 6.2 Evocations


You had 6 spell levels left.
You didn't know any spells.

Dungeon Overview and Level Annotations

Branches:
Dungeon (4/15)             Temple (1/1) D:4

Altars:
Ashenzari
Cheibriados
Dithmenos
Fedhas
Gozag
Kikubaaqudgha
Okawaru
Pakellas
Ru
Sif Muna
Vehumet
Xom
Yredelemnul
Zin
The Shining One


Innate Abilities, Weirdness & Mutations

You cannot wear most types of armour.
You are amphibious.
You can wear up to eight rings at the same time.
You can use your tentacles to constrict eight enemies at once.
Your skin changes colour to match your surroundings (Stealth).
Your rubbery body absorbs attacks (AC +1).
You have very sharp teeth.
You are frail (-10% HP).
You are weak. (Str -2)


Message History

Aim: a giant gecko (clinging, chance to defeat MR: 87%)
The worm is charmed.
This wand has 12 charges left.
You block the giant gecko's attack. The orc barely misses your worm.
The giant gecko bites your worm.
Your ogre hits the orc priest but does no damage.
The orc hits your worm with a dagger. The orc closely misses you.
The giant gecko bites your worm.
Your worm bites the giant gecko.
The giant gecko dies!
Your ogre closely misses the orc priest.
Your worm bites the orc.
The orc hits your worm with a hand axe.
The orc priest casts a cantrip, but nothing happens.
There is an open door here.
The orc hits your worm with a hand axe.
Your worm dies!
The orc barely misses something.
Something barely misses the orc priest.
The orc priest calls down the wrath of Beogh upon you.
Something smites you!
You die...
Fedhas appreciates your contribution to the ecosystem.

.##.#..f####.##.....## .#
.##f#................# #.# #
f##.....####'##.....## #.# #
.###.##.###..)##...## #.# #
.###.##.##.....##.## ###.## #
.#.#.##.#)......### ##.#.%# #
....f............####.†o#.#######
.................'.o.o.oO........
#...####........@####........####
#..## ##.......## ##.##.##.# #
#.## ##.....## #.##.# # # #.#
##...## #.##.# # #.# ##+## #.#..#
# #.# #.# #.#.###.# # #.#
##.#########.......# # #.#
####.........####.##### # #.#
###............# #.# #


You could see an orc priest and 3 orcs.

Vanquished Creatures
  Sigmund (D:2)
  An orc priest (D:3)
  A hound (D:4)
  An iguana (D:4)
  A worker ant (D:4)
  Robin (D:2)
  7 adders
  2 giant geckos
  5 orcs
  10 bats
  3 giant cockroaches
  8 hobgoblins
  4 jackals (D:2)
  7 kobolds
  A quokka (D:2)
  2 ball pythons
  A giant gecko skeleton (D:4)
  3 giant newts
  16 goblins
  13 rats
88 creatures vanquished.

Vanquished Creatures (collateral kills)
  Grinder (D:4)
  An orc priest (D:4)
  A hound skeleton (D:4)
  An orc (D:4)
  A quokka (D:3)
  A giant gecko (D:4)
6 creatures vanquished.

Vanquished Creatures (others)
  A worm (D:4)
  34 toadstools
35 creatures vanquished.

Grand Total: 129 creatures vanquished

Notes
Turn   | Place    | Note
--------------------------------------------------------------
     0 | D:1      | M4edhros the Octopode Artificer began the quest for the Orb.
     0 | D:1      | Reached XP level 1. HP: 13/13 MP: 3/3
    31 | D:1      | Upgraded the game from 0.18-a0-721-g8fc53f4 to 0.18-a0-731-ga019a5f
   152 | D:1      | Reached XP level 2. HP: 18/18 MP: 4/4
   445 | D:1      | Reached skill level 4 in Evocations
   528 | D:2      | Reached XP level 3. HP: 19/23 MP: 6/6
   660 | D:2      | Found a radiant altar of Vehumet.
   660 | D:2      | Noticed Sigmund
   666 | D:2      | Killed Sigmund
   666 | D:2      | Reached skill level 5 in Stealth
   666 | D:2      | Reached skill level 5 in Evocations
   666 | D:2      | Reached XP level 4. HP: 20/28 MP: 7/7
   666 | D:2      | Reached XP level 5. HP: 23/33 MP: 8/8
  1000 | D:3      | Found a basalt altar of Yredelemnul.
  1037 | D:3      | Reached XP level 6. HP: 38/38 MP: 10/10
  1099 | D:4      | Found a staircase to the Ecumenical Temple.
  1182 | Temple   | Entered the Ecumenical Temple
  1202 | Temple   | Became a worshipper of Xom of Chaos
  1210 | Temple   | Fell from the grace of Xom
  1210 | Temple   | Became a worshipper of Fedhas Madash
  1274 | D:2      | Noticed Robin
  1280 | D:2      | Reached skill level 6 in Stealth
  1295 | D:2      | Found a glowing golden altar of the Shining One.
  1317 | D:2      | Killed Robin
  1341 | D:2      | Reached * piety under Fedhas
  1560 | D:1      | XOM: mild Pois miscast
  2456 | D:3      | Found a faded altar to an unknown god.
  2556 | D:3      | Found a shattered altar of Ashenzari.
  2556 | D:3      | Found an ancient bone altar of Kikubaaqudgha.
  2678 | D:3      | XOM: polymorph wandering mushroom -> oklob plant
  3046 | D:4      | Reached skill level 1 in Invocations
  3171 | D:4      | Found a shadowy altar of Dithmenos.
  3179 | D:4      | XOM: give mutations
  3179 | D:4      | Gained mutation: You are frail (-10% HP). [Xom's mischief]
  3179 | D:4      | Gained mutation: You are weak. (Str -2) [Xom's mischief]
  3179 | D:4      | Gained mutation: You have very sharp teeth. [Xom's mischief]
  3326 | D:4      | Noticed Grinder
  3339 | D:4      | Killed Grinder
  3339 | D:4      | Reached XP level 7. HP: 36/38 MP: 11/11
  3364 | D:4      | XOM: severe Tloc miscast
  3423 | D:4      | Killed from afar by an orc priest

Vault maps used:
D:1:      dpeg_arrival_boxorama
D:2:      tso_metal_star, lemuel_doored_altar, kennysheep_generic_room_6,
          uniq_robin, uniq_sigmund
D:3:      old_standard_altar, gammafunk_temple_overflow_elements,
          ecumenical_altar_2
D:4:      kennysheep_little_box, minmay_temple_entry_purple_smoke, uniq_grinder
Temple:   circular_temple_12

Action                   |  1- 3 |  4- 6 |  7- 9 || total
-------------------------+-------+-------+-------++-------
Melee: Short sword       |    50 |    87 |     6 ||   143
Invok: Evolution         |       |     3 |       ||     3
Evoke: Wand              |       |     1 |     2 ||     3
  Use: Potion            |       |     4 |     2 ||     6
 Stab: Sleeping          |     8 |    24 |     1 ||    33
       Distracted        |       |     1 |       ||     1
       Invisible         |       |       |     1 ||     1
  Eat: Bread ration      |       |     2 |       ||     2
       Chunk             |       |     1 |       ||     1
